AoeStats
← Shiboridashi

Arena

503826422Analyzed
3v3 RM · 1mo ago on Sep 2, 2026· 75m 13s· 6 players
Game mode
Random Map
Map size
Normal (6 player)
Population
200
Speed
Normal
Resources
Standard
Victory
Conquest
Starting age
Dark Age
Ending age
Imperial Age
RankedLock teamsTeams togetherTeam positionsShared explorationLock speedFull tech treeHidden civsTurbo modeCheats
Victory
Defeat
🇹🇼 Vietnamese · Taiwan
1175
+17
🇦🇷 Khmer · Argentina
1134
+19
🇦🇷 Byzantines · Argentina
1118
+19
🇫🇷 Teutons · France
1217
-19
🇫🇷 Mongols · France
1185
-22
🇫🇷 Vietnamese · France
1169
-17
younguns
12:07 Feudal Age
15:58 Castle Age
18:23 Double-Bit Axe
18:19 Horse Collar
19:27 Loom
20:43 Bow Saw
22:13 Wheelbarrow
23:36 Heavy Plow
27:59 Imperial Age
26:22 Fletching
26:33 Padded Archer Armor
27:14 Bodkin Arrow
28:17 Leather Archer Armor
28:59 Bracer
29:35 Hand Cart
30:28 Ring Archer Armor
31:22 Ballistics
32:03 Chemistry
33:37 Two-Man Saw
33:07 Crop Rotation
32:26 Elite Rattan Archer
34:25 Elite Skirmisher
37:19 Paper Money
38:31 Hoardings
39:58 Gold Mining
40:17 Imperial Skirmisher
43:59 Stone Mining
47:35 Stone Shaft Mining
46:31 Pikeman
47:12 Squires
46:35 Elite Fire Lancer
48:45 Halberdier
49:45 Scale Mail Armor
49:56 Forging
50:54 Chain Mail Armor
53:30 Plate Mail Armor
53:36 Iron Casting
65:27 Bloodlines
65:18 Husbandry
64:39 Cavalier
65:25 Scale Barding Armor
66:34 Chain Barding Armor
68:33 Plate Barding Armor
69:00 Man-at-Arms
69:26 Arson
72:01 Caravan
71:40 Long Swordsman
71:49 Light Cavalry
Peladios de Elite
0:26 Loom
11:10 Feudal Age
14:55 Castle Age
16:58 Squires
22:35 Pikeman
24:39 Wheelbarrow
24:42 Scale Mail Armor
28:51 Imperial Age
26:13 Elite Skirmisher
26:59 Thumb Ring
26:46 Fletching
26:57 Padded Archer Armor
29:02 Leather Archer Armor
28:42 Bodkin Arrow
29:10 Ballistics
28:14 Crossbowman
30:55 Arbalester
35:38 Imperial Skirmisher
39:04 Bracer
47:26 Horse Collar
48:33 Capped Ram
50:18 Chemistry
51:12 Ring Archer Armor
50:41 Double-Bit Axe
50:59 Heavy Plow
51:43 Bow Saw
53:45 Halberdier
54:38 Forging
54:43 Chain Mail Armor
56:31 Iron Casting
57:20 Plate Mail Armor
56:20 Onager
56:29 Siege Ram
59:17 Arson
61:00 Two-Man Saw
60:33 Hand Cart
60:10 Onager
Gonza
8:51 Loom
11:10 Feudal Age
11:36 Horse Collar
11:44 Double-Bit Axe
33:02 Castle Age
39:05 Imperial Age
36:37 Gold Mining
37:22 Stone Mining
38:24 Husbandry
38:38 Bloodlines
38:29 Fletching
38:48 Heavy Plow
39:13 Bow Saw
38:40 Light Cavalry
39:37 Scale Barding Armor
41:24 Wheelbarrow
42:22 Forging
43:18 Hand Cart
42:39 Elite Battle Elephant
43:33 Tusk Swords
44:40 Iron Casting
44:33 Elite Ballista Elephant
46:47 Blast Furnace
46:24 Conscription
46:33 Chain Barding Armor
47:13 Gold Shaft Mining
46:37 Bodkin Arrow
47:59 Chemistry
47:28 Ballistics
47:13 Double Crossbow
47:59 Padded Archer Armor
49:06 Stone Shaft Mining
48:31 Pikeman
50:10 Halberdier
51:03 Caravan
51:34 Coinage
54:06 Leather Archer Armor
53:59 Bracer
53:59 Scale Mail Armor
54:34 Plate Barding Armor
59:53 Ring Archer Armor
59:39 Chain Mail Armor
Shiboridashi
7:42 Loom
10:03 Feudal Age
10:35 Double-Bit Axe
12:59 Loom
15:54 Castle Age
14:52 Horse Collar
16:50 Bow Saw
19:46 Heavy Plow
25:28 Forging
26:51 Wheelbarrow
27:26 Scale Mail Armor
28:03 Arson
28:19 Squires
29:43 Gold Mining
29:44 Stone Mining
32:46 Imperial Age
32:49 Stone Shaft Mining
32:16 Town Watch
33:11 Hand Cart
33:39 Ballistics
34:00 Crop Rotation
34:43 Two-Man Saw
36:37 Iron Casting
36:18 Chain Mail Armor
35:29 Elite Teutonic Knight
37:33 Scale Barding Armor
39:33 Conscription
38:35 Cavalier
39:26 Bloodlines
40:20 Plate Mail Armor
40:54 Chain Barding Armor
42:49 Paladin
45:38 Plate Barding Armor
46:04 Blast Furnace
48:36 Town Patrol
50:47 Fletching
51:59 Chemistry
50:47 Arrowslits
51:14 Masonry
60:43 Caravan
61:14 Coinage
61:15 Bodkin Arrow
69:22 Guilds
Pandidub
10:07 Feudal Age
14:56 Castle Age
13:00 Double-Bit Axe
13:29 Horse Collar
21:05 Loom
23:47 Fletching
24:21 Bow Saw
25:49 Bodkin Arrow
27:00 Town Watch
28:48 Bloodlines
28:39 Husbandry
31:47 Imperial Age
31:02 Thumb Ring
31:23 Ballistics
31:18 Padded Archer Armor
32:52 Conscription
33:19 Bracer
34:29 Chemistry
35:30 Parthian Tactics
35:11 Husbandry
50:56 Leather Archer Armor
52:26 Elite Mangudai
56:29 Capped Ram
60:03 Wheelbarrow
62:46 Crossbowman
63:29 Elite Skirmisher
alexisgrosset13110
10:55 Feudal Age
9:10 Loom
16:00 Castle Age
14:07 Fletching
14:17 Padded Archer Armor
15:45 Double-Bit Axe
18:38 Crossbowman
33:52 Bow Saw
33:25 Horse Collar
33:33 Elite Skirmisher
37:49 Bodkin Arrow
38:42 Leather Archer Armor
44:40 Gold Mining
50:26 Imperial Age
48:02 Heavy Plow
49:02 Ballistics
48:37 Stone Mining
49:05 Thumb Ring
50:27 Imperial Skirmisher
51:09 Bracer
52:51 Chemistry
53:02 Ring Archer Armor
58:05 Crop Rotation
60:18 Onager
61:07 Man-at-Arms
61:47 Elite Fire Lancer
66:13 Scale Mail Armor
70:23 Chain Mail Armor
70:19 Forging
Connection lost

Rejoining the realm…

Still unreachable

The connection could not be restored.

Session expired

The server has moved on; the page needs a fresh start.